 Dungeon Crawl Stone Soup version 0.30-a0-840-ga523dec638 (webtiles) character file.

Game seed: 17698444227229928088

193 jimonade the Grasshopper (level 5, -4/81 HPs)
             Began as an Ogre Warper on Mar 1, 2023.
             Slain by a bullfrog (6 damage)
             ... in a sewer.
             The game lasted 00:13:22 (4027 turns).

jimonade the Grasshopper (Ogre Warper)              Turns: 4027, Time: 00:13:23

Health: -4/81      AC:  3    Str: 15    XL:     5   Next: 72%
Magic:  7/9        EV: 15    Int: 14    God:
Gold:   103        SH:  0    Dex: 10    Spells: 3/10 levels left

rFire   . . .      SeeInvis .    a - +1 whip
rCold   . . .      Faith    .    (no shield)
rNeg    . . .      Spirit   .    b - +0 robe
rPois   .          Reflect  .    (helmet restricted)
rElec   .          Harm     .    v - scarf {repulsion}
rCorr   .          Rampage  .    (gloves unavailable)
Will    .....                    (boots unavailable) Stlth
                                 (no amulet)
HPRegen 0.33/turn                f - +5 ring of evasion
MPRegen 0.11/turn                g - ring of wizardry

@: berserking, hasted, repel missiles, very quick
A: large, unfitting armour, tough skin 1
a: no special abilities


You were in a sewer.
You visited 1 branch of the dungeon, and saw 5 of its levels.
You also visited: Sewer.

You collected 103 gold pieces.

Inventory:

Hand Weapons
 a - a +1 whip (weapon)
 r - a +0 mace
Missiles
 d - 7 boomerangs of dispersal
 m - 5 boomerangs (quivered)
 q - 23 stones
 x - 13 poisoned darts
Armour
 b - a +0 robe (worn)
 o - a +0 cloak
 v - a scarf of repulsion (worn)
Jewellery
 e - a ring of fire
 f - a +5 ring of evasion (left hand)
 g - a ring of wizardry (right hand)
Wands
 y - a wand of charming (1)
Scrolls
 c - a scroll of blinking
 A - 2 scrolls of enchant armour {unknown}
 C - a scroll of summoning {unknown}
Potions
 j - 3 potions of degeneration
 k - a potion of flight
 p - a potion of might {unknown}
 t - a potion of curing
 u - a potion of heal wounds {unknown}
 w - a potion of berserk rage
 B - a potion of attraction {unknown}
 D - a potion of resistance {unknown}
 E - a potion of brilliance {unknown}


   Skills:
 + Level 3.7 Fighting
 + Level 2.8 Maces & Flails
 + Level 1.0 Throwing
 + Level 2.5 Dodging
 + Level 0.7 Stealth
 * Level 3.0 Spellcasting
 * Level 4.1 Translocations


You had 3 spell levels left.
You knew the following spells:

 Your Spells              Type           Power      Damage    Failure   Level
a - Blink                 Tloc           26%        N/A       2%          2
b - Lesser Beckoning      Tloc           26%        N/A       2%          2
c - Teleport Other        Tloc           13%        N/A       4%          3

Your spell library contained the following spells:

 Spells                   Type           Power      Damage    Failure   Level
 Apportation              Tloc           26%        N/A       1%          1
 Vhi's Electric Charge    Tloc/Air       14%        N/A       12%         3
 Hailstorm                Conj/Ice       2%         3d3       26%         3
 Manifold Assault         Tloc           13%        N/A       16%         4
 Fulminant Prism          Conj/Hex       1%         3d5       61%         4
 Freezing Cloud           Conj/Ice/Air   1%         6-21      90%         5


Dungeon Overview and Level Annotations

Branches:
Dungeon (5/15)              Sewer (1/1)
 Temple: D:4-7

Altars:
Vehumet

Shops:
D:2 (?=

Annotations:
D:2 Jessica
D:3 Terence


Innate Abilities, Weirdness & Mutations

You are too large for most types of armour.
You have tough skin. (AC +1)


Message History

The bullfrog hits you. x2
The bullfrog hits you but does no damage.
You barely miss the bullfrog.
The bullfrog is heavily wounded.
The bullfrog closely misses you. x2; The bullfrog barely misses you.
You feel yourself speed up. The bullfrog hits you!
* * * LOW HITPOINT WARNING * * *
The bullfrog hits you but does no damage.
The bullfrog hits you.
* * * LOW HITPOINT WARNING * * *
You hit the bullfrog.
The bullfrog is heavily wounded.
The bullfrog hits you but does no damage.
The bullfrog closely misses you.
You hit the bullfrog.
The bullfrog is severely wounded.
The bullfrog hits you but does no damage.
The bullfrog hits you.
* * * LOW HITPOINT WARNING * * *
A red film seems to cover your vision as you go berserk!
You feel yourself moving faster!
You feel mighty! The bullfrog hits you.
* * * LOW HITPOINT WARNING * * *
The bullfrog barely misses you.
You completely miss the bullfrog.
The bullfrog is severely wounded.
The bullfrog hits you.
* * * LOW HITPOINT WARNING * * *
The bullfrog barely misses you.
You barely miss the bullfrog.
The bullfrog is severely wounded.
The bullfrog barely misses you. The bullfrog closely misses you.
You closely miss the bullfrog.
The bullfrog is severely wounded.
The bullfrog hits you.
* * * LOW HITPOINT WARNING * * *
The bullfrog barely misses you.
You barely miss the bullfrog.
The bullfrog is severely wounded.
The bullfrog closely misses you. The bullfrog hits you.
You die...

#############
#####.~.~~~.~~.~#
###.∩..~~~~..~.~~~#
#~....#########~~~#
∩~~####..~~~~~†.~~####
####~~.~#####.~~~~#~~##
#~~.~~~~#~∩~#######~~~####
~~†.~####~~~~.~.@#~~~~.~.##
~~~###~~~.††~~.FF##~~#~~.~##
~~##~~~~~#######B~#~~##.~.~#
~##~~~†###≈≈~~~#.~##~~##~~~##
.#.~~~##≈≈~~F.~~.~~#~.~#..~~#
##~~~##
≈.~~~~F.~.~#~††##~~.## #.~.~#
~~B.F~$~~~~#.~~~#~~..# #~.~~#
~.~~.??:.~~#~~.~#~..∩# #~~~~#
~~~.!$[.~~≈#~..~#~~~.#


You could see 2 bullfrogs and a giant cockroach.

Vanquished Creatures
  3 gnolls
  6 adders
  2 worms (D:2)
  2 dart slugs
  16 endoplasms
  7 giant cockroaches
  3 hobgoblins
  3 jackals (D:2)
  10 quokkas
  12 ball pythons
  9 bats
  13 frilled lizards
  5 kobolds (D:1)
  8 rats
99 creatures vanquished.

Notes
Turn   | Place    | Note
-------+----------+-------------------------------------------
     0 | D:1      | jimonade the Ogre Warper began the quest for the Orb.
     0 | D:1      | Reached XP level 1. HP: 22/22 MP: 3/3
   166 | D:1      | Reached XP level 2. HP: 29/29 MP: 5/5
   322 | D:1      | Reached skill level 3 in Translocations
   664 | D:1      | Reached XP level 3. HP: 37/37 MP: 6/6
  1126 | D:2      | Found Baetane's Weapon Shoppe.
  1425 | D:2      | Found Laxud's Magic Scroll Emporium.
  1560 | D:2      | Noticed Jessica
  1584 | D:2      | Learned a level 2 spell: Blink
  1587 | D:2      | Learned a level 2 spell: Lesser Beckoning
  1591 | D:2      | Learned a level 3 spell: Teleport Other
  1626 | D:2      | Reached XP level 4. HP: 42/45 MP: 8/8
  1833 | D:2      | Found Xuppohireu's Jewellery Shop.
  2383 | D:3      | Got Ickubb's Secrets of Liminal Conflict
  2386 | D:3      | Noticed Terence
  2533 | D:3      | Found a faded altar of an unknown god.
  2575 | D:3      | Found a radiant altar of Vehumet.
  2971 | D:3      | Reached skill level 4 in Translocations
  2971 | D:3      | Reached XP level 5. HP: 53/53 MP: 9/9
  3452 | D:5      | Entered Level 5 of the Dungeon
  3526 | D:4      | Found a glowing drain.
  3536 | Sewer    | Entered a sewer
  4024 | Sewer    | HP: 4/81 [bullfrog (5)]
  4027 | Sewer    | Slain by a bullfrog

Illustrated notes

Levels and vault maps discovered:
D:1:      dpeg_arrival_arbitrary_b, layout_loops_corners
D:2:      layout_basic, serial_shops, nicolae_shop_competitors_out_of_business,
          nicolae_shop_bloodbath_and_beyond, shop, minmay_misc_feat_square,
          chequers_hall_statues_corner_a, minmay_misc_feat_five, uniq_jessica
D:3:      layout_rooms, mainiacjoe_overflow_catwalk, basic_ecumenical_altar,
          hangedman_abyss_or_decor_stabs, uniq_terence
D:4:      layout_basic, cheibrodos_sewer_entry_sluice, serial_shops,
          kennysheep_little_box
D:5:      layout_loops_ring, lemuel_round_altar, zin_scriptorium,
          uniq_prince_ribbit1
Sewer:    sewer_frog_island_02

Skill      XL: |  1  2  3  4  5 |
---------------+----------------+-----
Translocations | 3 4 |  4.1
Maces & Flails | 2 |  2.8
Fighting       | 3 |  3.7
Spellcasting   | 3 |  3.0
Throwing       | |  1.0
Dodging        | |  2.5
Stealth        | |  0.7

Action                     |  1- 3 |  4- 6 || total
---------------------------+-------+-------++-------
  Melee: Mace              |    87 |       ||    87
         Whip              |    57 |   280 ||   337
         Punch             |       |     4 ||     4
  Throw: Boomerang         |     3 |     8 ||    11
   Cast: Teleport Other    |       |     1 ||     1
         Blink             |       |     1 ||     1
    Use: Scroll            |       |     9 ||     9
         Potion            |       |     2 ||     2
   Stab: Sleeping          |       |     1 ||     1
 Armour: Robe              |    35 |    40 ||    75
  Dodge: Dodged            |   104 |   226 ||   330

Table legend: (Time is in decaauts)
 A = Elapsed time spent in this place.
 B = Non-inter-level travel time spent in this place.
 C = Inter-level travel time spent in this place.
 D = Time resting spent in this place.
 E = Time spent auto-exploring this place.
 F = Levels seen in this place.
 G = Mean time per level.
                   A        B        C        D        E       F      G
               +--------+--------+--------+--------+--------+-----+--------+
         Total |   4048 |   3785 |    263 |    347 |   1865 |   6 |  674.7 |
       Dungeon |   3561 |   3298 |    263 |    221 |   1818 |   5 |  712.2 |
         Sewer |    486 |    486 |      0 |    126 |     47 |   1 |  486.0 |
               +--------+--------+--------+--------+--------+-----+--------+

Top non-repeatable levels by time:
     D:1: 1223 daAuts
     D:2: 1202 daAuts
     D:3: 1010 daAuts
   Sewer: 486 daAuts
     D:5: 70 daAuts
     D:4: 54 daAuts
